 Dungeon Crawl Stone Soup version 0.21-a0-128-gf2b353c (webtiles) character file.

1316 Kythnos the Covert (level 8, -2/36 HPs)
             Began as a Spriggan Enchanter on July 17, 2017.
             Was an Initiate of Dithmenos.
             Killed by triggering a spear trap (22 damage)
             ... in an ossuary.
             The game lasted 00:27:45 (6623 turns).

Kythnos the Covert (Spriggan Enchanter)             Turns: 6623, Time: 00:27:45

Health: -2/36      AC:  5    Str:  5    XL:     8   Next: 33%
Magic:  6/25       EV: 22    Int: 18    God:    Dithmenos [......]
Gold:   196        SH:  4    Dex: 16    Spells: 4/16 levels left

rFire    . . .     SeeInvis +   a - +4 dagger
rCold    . . .     Gourm    .   (shield restricted)
rNeg     . . .     Faith    .   b - +0 robe
rPois    .         Spirit   .   (helmet restricted)
rElec    .         Reflect  +   n - +2 cloak
rCorr    .         Harm     .   (gloves unavailable)
MR       +....                  (boots unavailable)
Stlth    ++++++....             e - +4 amulet of reflection
HPRegen  0.12/turn              j - +4 ring of evasion
MPRegen  0.19/turn              r - ring of magical power

@: lethally poisoned (-2 -> -3), flying (expiring), very slightly contaminated,
hasted, invisible (expiring), very quick
A: unfitting armour, see invisible, herbivore 3, speed 3, slow metabolism 2
a: Renounce Religion


You were in an ossuary.
You worshipped Dithmenos.
Dithmenos was noncommittal.
You were not hungry.

You visited 1 branch of the dungeon, and saw 5 of its levels.
You also visited: Ossuary.

You collected 196 gold pieces.

Inventory:

Hand Weapons
 a - a +4 dagger (weapon)
 A - a +0 short sword of draining
Armour
 b - a +0 robe (worn)
 n - a +2 cloak (worn)
Jewellery
 e - a +4 amulet of reflection (around neck)
 i - a +3 ring of dexterity
 j - a +4 ring of evasion (left hand)
 p - an uncursed ring of flight
 q - an uncursed ring of stealth
 r - a ring of magical power (right hand)
 w - a cursed amulet of inaccuracy {unknown}
Scrolls
 m - 2 scrolls of remove curse
 v - a scroll of magic mapping
 x - 4 scrolls of amnesia
Potions
 g - a potion of degeneration {unknown}
 h - a potion of resistance {unknown}
 k - 2 potions of heal wounds
 l - a potion of flight
 o - 2 potions of lignification
 s - a potion of brilliance {unknown}
 t - 2 potions of agility {unknown}
 u - a potion of mutation {unknown}
 B - a potion of magic {unknown}
Comestibles
 d - 2 bread rations


   Skills:
 + Level 0.0 Fighting
 + Level 1.1 Short Blades
 + Level 3.0 Dodging
 + Level 13.8 Stealth
 + Level 4.9 Spellcasting
 + Level 5.4 Hexes


You had 4 spell levels left.
You knew the following spells:

 Your Spells              Type           Power        Failure   Level  Hunger
a - Ensorcelled Hibernat  Hex/Ice        ##....       7%          2    #......
b - Corona                Hex            ###....      1%          1    None
c - Confuse               Hex            ###.....     4%          3    ###....
d - Tukima's Dance        Hex            ###.....     4%          3    ###....
e - Dazzling Spray        Conj/Hex       ##....       13%         3    ###....


Dungeon Overview and Level Annotations

Branches:
Dungeon (5/15)
 Temple: D:4-7

Altars:
Dithmenos

Annotations:
D:3 GordonOverkill's ghost, amateur GnGl


Innate Abilities, Weirdness & Mutations

You are very small and have problems with some larger weapons.
You are too small for most types of armour.
You have supernaturally acute eyesight. (SInv)
You are a herbivore.
You cover ground extremely quickly.
You need consume almost no food.


Message History

The orc zombie is heavily damaged.
The orc zombie closely misses you.
You hit the orc zombie.
The orc zombie is severely damaged.
You block the orc zombie's attack.
You hit the orc zombie.
You destroy the orc zombie!
Dithmenos accepts your kill.
No target in view!
No target in view!
You reach down and open the door.
You found a needle trap!
Something unseen opens the door.
You are starting to lose your buoyancy.
You flicker for a moment.
You feel sick.
There is an open door here.
There is an open door here.
There is an open door here.
A spear shoots out and hits you!
Ouch! That really hurt!
You die...

#.∩.'...8...#...8...#
#...#...#...#.......#
##############8...8##
.#?.!#..^#.......#
.'..?#...'...8...# ..
#??M#...#...#...#
#'#######'##########
.....#.....#...#...#..
.....#.....#..@M...8..
.....8.....#^..#......
...........##'## 8...8
...........#...# ....
##8.....8###...# 8..
...........#...# Z.
...........##'###### +
.....8.....#..^#.!!#
.....#.....'^.^#M.!+


You could see a mummy (wandering) and a gnoll zombie (dormant).

Vanquished Creatures
  The ghost of Heofaku the Cleaver, a novice DsMo (Ossuary)
  An ice beast (D:4)
  2 ogres
  3 scorpions (Ossuary)
  3 centaur zombies (Ossuary)
  2 human zombies (Ossuary)
  2 orc priests (D:3)
  Natasha (thrice) (D:3)
  A big kobold zombie (Ossuary)
  A scorpion zombie (Ossuary)
  9 adders
  2 shadow imps (D:5)
  An ooze (D:3)
  2 dart slugs
  2 leopard geckos
  11 orcs
  7 bats
  6 giant cockroaches
  11 goblins
  8 hobgoblins
  7 jackals
  A quokka (D:2)
  2 ball pythons
  5 frilled lizards
  A goblin zombie (Ossuary)
  7 kobolds
  3 orc zombies (Ossuary)
  A quokka skeleton (D:5)
  8 rats
113 creatures vanquished.

Vanquished Creatures (others)
  A dancing weapon (D:3)
  A centaur zombie (Ossuary)
2 creatures vanquished.

Grand Total: 115 creatures vanquished

Notes
Turn   | Place    | Note
-------+----------+-------------------------------------------
     0 | D:1      | Kythnos the Spriggan Enchanter began the quest for the Orb.
     0 | D:1      | Reached XP level 1. HP: 9/9 MP: 5/5
   204 | D:1      | Reached XP level 2. HP: 12/13 MP: 5/7
   233 | D:1      | Learned a level 2 spell: Ensorcelled Hibernation
  1298 | D:1      | Reached XP level 3. HP: 16/16 MP: 3/9
  1303 | D:1      | Learned a level 3 spell: Confuse
  1307 | D:1      | Learned a level 3 spell: Tukima's Dance
  2426 | D:2      | Reached XP level 4. HP: 16/21 MP: 7/11
  2619 | D:3      | Noticed GordonOverkill's ghost (amateur GnGl)
  2643 | D:3      | Reached skill level 5 in Hexes
  2677 | D:3      | Noticed Natasha
  2706 | D:3      | Killed Natasha
  3614 | D:3      | Noticed Natasha
  3640 | D:3      | Killed Natasha
  3640 | D:3      | Reached skill level 5 in Stealth
  3640 | D:3      | Reached XP level 5. HP: 24/24 MP: 8/13
  3939 | D:3      | Noticed Natasha
  3954 | D:3      | Killed Natasha
  3954 | D:3      | Reached skill level 6 in Stealth
  4192 | D:3      | Reached skill level 7 in Stealth
  4637 | D:3      | Reached XP level 6. HP: 28/28 MP: 10/14
  5143 | D:4      | Learned a level 3 spell: Dazzling Spray
  5197 | D:4      | Reached skill level 8 in Stealth
  5417 | D:4      | Noticed an ice beast
  5428 | D:4      | Killed an ice beast
  5428 | D:4      | Reached skill level 9 in Stealth
  5807 | D:5      | Entered Level 5 of the Dungeon
  5821 | D:5      | Found a shadowy altar of Dithmenos.
  5827 | D:5      | Became a worshipper of Dithmenos the Shadowed
  5887 | D:5      | Reached skill level 10 in Stealth
  5887 | D:5      | Reached XP level 7. HP: 23/32 MP: 10/15
  6098 | D:5      | Found a sand-covered staircase.
  6108 | Ossuary  | Entered an ossuary
  6310 | Ossuary  | Reached skill level 11 in Stealth
  6560 | Ossuary  | Noticed Heofaku's ghost (novice DsMo)
  6593 | Ossuary  | Reached skill level 12 in Stealth
  6602 | Ossuary  | Killed Heofaku's ghost
  6602 | Ossuary  | Reached skill level 13 in Stealth
  6602 | Ossuary  | Reached XP level 8. HP: 22/36 MP: 4/16
  6623 | Ossuary  | Killed by triggering a spear trap

Vault maps used:
D:1:      minmay_arrival_arboretum_small, minmay_misc_feat_square,
          serial_bayou_lake_a
D:2:      glass_columns_c
D:3:      first_bread, uniq_natasha
D:4:      hangedman_glass_teeth
D:5:      nicolae_ossuary_entry_monument, grunt_dithmenos_shadows
Ossuary:  ossuary_minmay_scorpions

Skill      XL: |  1  2  3  4  5  6  7 |
---------------+----------------------+-----
Spellcasting   | 3 4 |  4.9
Hexes          | 4 5 |  5.4
Stealth        | 5 7 10 13 | 13.8
Short Blades   | |  1.1
Dodging        | |  3.0

Action                   |  1- 3 |  4- 6 |  7- 9 || total
-------------------------+-------+-------+-------++-------
Melee: Dagger            |   133 |   129 |    92 ||   354
 Cast: Corona            |     7 |       |       ||     7
       Ensorcelled Hiber |    31 |    21 |     3 ||    55
       Confuse           |     3 |    19 |    15 ||    37
       Tukima's Dance    |       |     2 |       ||     2
       Dazzling Spray    |       |     1 |     4 ||     5
  Use: Scroll            |       |    12 |     3 ||    15
       Potion            |       |       |     5 ||     5
 Stab: Sleeping          |    25 |    27 |     4 ||    56
       Confused          |     1 |    10 |     3 ||    14
       Invisible         |       |       |     9 ||     9
  Eat: Fruit             |     4 |       |       ||     4
       Bread ration      |       |     1 |       ||     1
Armor: Robe              |    10 |    13 |    14 ||    37
Dodge: Dodged            |    80 |    67 |    63 ||   210
Block: Other             |    23 |    17 |    16 ||    56
       Reflection        |     2 |       |       ||     2
